[Event "53rd Indian Junior Open-ch 2024"]
[Site "Karnal"]
[Date "2024.09.16"]
[Round "1.1"]
[White "Bhattacharyya Soham"]
[Black "Tarun N"]
[Result "1-0"]
[ECO "D79"]
[WhiteElo "2425"]
[BlackElo "1777"]
[Annotator "TA"]
[PlyCount "49"]
[EventDate "2024.09.16"]
[EventType "swiss"]
[EventCountry "IND"]
[SourceTitle "playchess.com"]
[Source "ChessBase"]
[SourceQuality "1"]
[TimeControl "5400+30"]

1. d4 Nf6 2. c4 g6 3. g3 c6 4. Bg2 d5 5. Nf3 Bg7 6. O-O O-O 7. cxd5 cxd5 8. Ne5 Nc6 9. Nc3 Be6 10. Nxc6 bxc6 11. Bf4 Nh5 12. Be3 Rb8 13. Na4 f5 14. Qd2 {[%emt 0:05:35] White is slightly better.} Qd6 15. Nc5 Bc8 16. Nd3 Ba6 17. b3 Bxd3 18. Qxd3 f4 (18... Qd7 $14) 19. Bd2 $16 fxg3 20. hxg3 e5 (20... Rb6 $142 21. Rac1 Nf6) 21. dxe5 Bxe5 {[%emt 0:00:10] [#]} 22. Rac1 {[%emt 0:00:07][%cal Oc1c6] Strongly threatening Rxc6!} Rbe8 $2 (22... Nf6 $16 {keeps fighting.} 23. Rc2 Qd7) 23. Rxc6 $18 Qb8 (23... Qd7 24. Qxd5+ Rf7) 24. Bxd5+ {[%emt 0:01:53] A strong pair of Bishops.} Kh8 25. Bc3 {[%emt 0:00:16] Weighted Error Value: White=0.22 (precise) /Black=0.49.  Loses game:     	---       	Black=1      Mistake:       	---       	Black=3      OK:         	White=4     	Black=6      Best:        	White=3     	---} 1-0

[Event "53rd Indian Junior Open-ch 2024"]
[Site "Karnal"]
[Date "2024.09.16"]
[Round "1.2"]
[White "Giridhar A"]
[Black "Manish Anto Cristiano F"]
[Result "1/2-1/2"]
[ECO "D37"]
[WhiteElo "1775"]
[BlackElo "2364"]
[Annotator "TA"]
[PlyCount "84"]
[EventDate "2024.09.16"]
[EventType "swiss"]
[EventCountry "IND"]
[SourceTitle "playchess.com"]
[Source "ChessBase"]
[SourceQuality "1"]
[TimeControl "5400+30"]

1. d4 Nf6 2. c4 e6 3. Nf3 d5 4. Nc3 a6 5. cxd5 exd5 6. Bg5 Be6 7. e3 Nbd7 8. Bd3 {[%emt 0:01:04] White has an edge.} c6 9. O-O Bd6 10. h3 O-O 11. Qc2 Qc7 12. Ne2 Rfe8 13. Rfc1 Rac8 14. Rab1 Ne4 15. Bf4 h6 16. b4 g5 17. Bxd6 Qxd6 18. Bxe4 (18. Nd2 {looks sharper.} Ndf6 19. a4 Bf5 20. Nxe4 Bxe4 21. Ng3) 18... dxe4 19. Nd2 f5 20. Nc4 Qf8 21. a4 Bd5 22. Qd2 Kh8 23. Na5 b6 24. Nb3 Qf7 25. Rc3 Rg8 (25... Rf8 $15 {is more appropriate.}) 26. a5 (26. Qc2 $11) 26... Rcf8 27. axb6 Nxb6 (27... h5 $15) 28. Na5 $11 f4 29. Nxc6 Nc4 {[%emt 0:03:20] [#] Prevents Ne5} 30. Rxc4 Bxc4 31. Ne5 $36 {[%emt 0:00:05][%mdl 2048] Black is under pressure.} Qe6 32. Rc1 Bd5 {[%emt 0:01:14] This move loses the game for Black.} (32... Bb5 $14) 33. exf4 $18 e3 (33... a5 $142) 34. Qxe3 {[%emt 0:05:31] g4 would now be deadly.} (34. fxe3 gxf4 35. Nxf4 Rxf4 36. exf4 Rxg2+ (36... Qxh3 37. g4 $11) 37. Qxg2 Bxg2 38. Kxg2 Qa2+ 39. Kg1 h5 $11) 34... Bxg2 (34... gxf4 35. Nxf4 Rxf4 36. Qxf4 Rxg2+ 37. Kf1 Qxh3 38. Qf6+ Kh7) 35. f5 Qd5 (35... Rxf5 $142 36. Kxg2 Rgf8) 36. Ng6+ $2 (36. Rc6 Rxf5 37. Nc3 (37. Rxa6 Ra8 $18) (37. Rxh6+ Kg7 $18)) 36... Rxg6 37. fxg6 Qe4 38. Rc7 {[%emt 0:01:06] Threatening mate with g7+.} Kg8 39. Qb3+ Qd5 40. Qxd5+ Bxd5 {[%emt 0:00:07] [#]} 41. Nc3 {[%emt 0:00:29] Against Be4} (41. Ng3 $1 $18 {[%cal Rg3h5] Threatens to win with Nh5.} Rf6 42. Rc5) 41... Bf3 42. d5 {[%emt 0:02:09] Strongly threatening d6.} Rf6 {[%emt 0:16:18] Weighted Error Value: White=0.31/Black=0.24 (precise) .  Mistake:       	White=3     	Black=7      Inaccurate:     	White=3     	---        OK:         	White=13    	Black=16     Best:        	White=7     	Black=1      Brilliant:      	White=1     	---} (42... Rd8 $16 {was necessary.}) 1/2-1/2

[Event "53rd Indian Junior Open-ch 2024"]
[Site "Karnal"]
[Date "2024.09.16"]
[Round "1.3"]
[White "Adireddy Arjun"]
[Black "Lavyaajyoti Routray"]
[Result "1/2-1/2"]
[ECO "B90"]
[WhiteElo "2343"]
[BlackElo "1770"]
[Annotator "TA"]
[PlyCount "82"]
[EventDate "2024.09.16"]
[EventType "swiss"]
[EventCountry "IND"]
[SourceTitle "playchess.com"]
[Source "ChessBase"]
[SourceQuality "1"]
[TimeControl "5400+30"]

1. e4 c5 2. Nf3 d6 3. d4 cxd4 4. Nxd4 Nf6 5. Nc3 a6 6. h3 e5 7. Nb3 Be6 8. f4 Be7 9. f5 Bd7 {[%emt 0:02:11] The position is equal.} 10. Be2 (10. g4 $11) 10... Bc6 $15 11. Bf3 b5 12. a3 Nbd7 13. O-O O-O 14. Qe2 a5 15. Rd1 Qc7 16. Bd2 (16. Qd3 $142) 16... Qb7 (16... b4 $1 $17 17. axb4 axb4) 17. Nd5 Bxd5 $17 (17... Nxd5 18. exd5 Bxd5 19. Bxd5 Qxd5 20. Bg5 $11 (20. Nxa5 Nf6 $11) (20. Nxa5 Rac8 $11)) 18. exd5 a4 19. Nc1 Rac8 (19... Nxd5 $2 20. Be3 $18) 20. Be1 Nc5 (20... Bd8 $17 {[%cal Oe5e4] ...e4! would now be deadly.} 21. g3 Re8) 21. g4 h6 (21... Rfe8 $17 22. Nd3 e4 (22... Nxd5 $2 23. Nxc5 Rxc5 24. Kf1 $18) 23. Nxc5 exf3 (23... Rxc5 24. Bg2 $17) 24. Nxb7 fxe2) 22. b4 (22. Nd3 $15) 22... Ncd7 $19 23. Nd3 Nb6 ({But not} 23... Nxd5 24. Kh1 $17) (23... e4 $19 24. Bxe4 Nxe4 25. Qxe4 Rfe8) 24. Nxe5 dxe5 25. d6 e4 $1 26. dxe7 Rfe8 (26... exf3 $2 {perishes.} 27. exf8=R+ (27. exf8=Q+ Rxf8 28. Qxb5 Ne4 $18) 27... Rxf8 28. Qxb5 $16) 27. Bg2 Rxe7 ({Better is} 27... Nbd5 $19 28. Rd2 Rxe7 (28... Nxe7 $2 29. Bf2 $19)) 28. Qxb5 $17 Rxc2 (28... Qa7 $1 $17 {Hoping for ...Nc4+.} 29. Qa5 Qb8) 29. Rac1 Rec7 30. Rxc2 Rxc2 31. Bf2 Nfd7 $2 {[%emt 0:00:54] [#]} ({Black should try} 31... Rc6 $14) 32. Rxd7 $2 Qxd7 33. Qxb6 Qd1+ 34. Kh2 {[%emt 0:00:58] [#]} Qe2 (34... Qd2 $1 $17 35. Kg1 Qc1+ 36. Bf1 Qxa3) 35. Kg1 $11 Rc1+ 36. Kh2 {[%emt 0:00:02][%cal Og4g5] And now g5! would win.} Rc2 37. Kg1 Rc1+ $40 {[%emt 0:00:05][%mdl 128] Black is up to no good.} 38. Kh2 {[%emt 0:00:06][%cal Og4g5] Threatens to win with g5!} Rc2 39. Kg1 Qd1+ 40. Bf1 $2 (40. Kh2 $11 {and White has nothing to worry.} Qd2 41. Kg1 Qc1+ 42. Bf1 Qxa3 43. f6 Rxf2 44. Qd8+ (44. Qxf2 Qxb4 45. Qc2 h5 $11) 44... Kh7 45. Kxf2) 40... Rc1 $19 41. Qb5 {[#]} Qe2 $4 {[%emt 0:00:30][%mdl 40960] Against Be3.   Weighted Error Value: White=0.46/Black=0.30.  Loses game:     	White=1     	Black=1      Missed win:     	White=1     	Black=1      Mistake:       	White=5     	Black=7      Inaccurate:     	White=4     	Black=1      OK:         	White=12    	Black=12     Best:        	White=7     	Black=3     . An unexpected result.} 1/2-1/2

[Event "53rd Indian Junior Open-ch 2024"]
[Site "Karnal"]
[Date "2024.09.16"]
[Round "1.4"]
[White "Karthik Raj C"]
[Black "Rohit S"]
[Result "0-1"]
[ECO "D05"]
[WhiteElo "1806"]
[BlackElo "2309"]
[Annotator "TA"]
[PlyCount "68"]
[EventDate "2024.09.16"]
[EventType "swiss"]
[EventCountry "IND"]
[SourceTitle "playchess.com"]
[Source "ChessBase"]
[SourceQuality "1"]
[TimeControl "5400+30"]

1. d4 Nf6 2. Nf3 d5 3. e3 e6 4. Bd3 b6 5. Nbd2 Bb7 6. Qe2 Ne4 7. Ne5 Bd6 8. Qf3 Nf6 {[%emt 0:01:28] The position is equal.} (8... Ng5 {looks sharper.} 9. Qh5 O-O 10. O-O f6) 9. Ng4 Nbd7 10. e4 Nxg4 11. Qxg4 Nf6 12. Qe2 {[%emt 0:02:04] aiming for e5.} dxe4 13. Nxe4 Be7 14. c3 O-O 15. h4 h6 16. Bd2 c5 17. dxc5 bxc5 18. O-O-O Qb6 {[%emt 0:07:55] next ...Rfb8 is good for Black.} 19. g4 $2 (19. Nxf6+ $11 Bxf6 20. Bf4) 19... Rab8 $1 $19 20. b3 {[%emt 0:05:46] [#] Black must now prevent Nxf6+.} c4 21. Nxf6+ $17 Bxf6 22. Bxc4 {[%emt 0:00:04][%cal Og4g5] Strongly threatening g5!} Qa5 {[%emt 0:01:17] Black is more active.} (22... Bxh1 $17 23. Rxh1 Qa5) 23. b4 $2 (23. Rh3 $11) 23... Qa3+ $19 24. Kc2 Bxh1 25. Rxh1 {[%emt 0:00:02] [#]} Rxb4 26. Bb3 $2 {[%emt 0:06:14] [#]} (26. cxb4 Qb2+ 27. Kd3 Rd8+ 28. Ke3 Qd4+ 29. Kf3 Qxd2 30. Qxd2 Rxd2 31. h5) 26... Rxb3 $1 27. axb3 Qa2+ 28. Kd3 Qxb3 {[%emt 0:00:24] Hoping for ...Rd8+.} 29. Qe4 Rd8+ 30. Ke2 Qb2 31. Qe3 Qb5+ 32. Ke1 Qb1+ 33. Bc1 Rd3 34. Qf4 e5 {[%emt 0:00:08] Weighted Error Value: White=1.21/Black=0.50.  Loses game:     	White=2     	---        Mistake:       	White=1     	Black=2      Inaccurate:     	White=1     	---        OK:         	White=6     	Black=4      Best:        	White=2     	Black=2      Strong:       	---       	Black=1      Brilliant:      	---       	Black=1} 0-1

[Event "53rd Indian Junior Open-ch 2024"]
[Site "Karnal"]
[Date "2024.09.16"]
[Round "1.5"]
[White "Sourath Biswas"]
[Black "Gagan Sahu"]
[Result "1-0"]
[ECO "A45"]
[WhiteElo "2305"]
[BlackElo "1763"]
[Annotator "TA"]
[PlyCount "87"]
[EventDate "2024.09.16"]
[EventType "swiss"]
[EventCountry "IND"]
[SourceTitle "playchess.com"]
[Source "ChessBase"]
[SourceQuality "1"]
[TimeControl "5400+30"]

1. d4 Nf6 2. Bf4 c5 3. e3 Nd5 4. Bg3 Qb6 5. c4 Nf6 6. Nc3 Qxb2 7. Nge2 Qa3 8. Rb1 {[%emt 0:00:37] White has an edge.} e6 9. Qd2 a6 {[%emt 0:03:09] Inhibits Nb5.} (9... cxd4 $11 10. Nxd4 (10. Nb5 Ne4 $17) 10... a6) 10. Bc7 $1 $16 cxd4 11. exd4 {[%emt 0:00:09] Black must now prevent c5.} Bb4 (11... Nc6 $1 $14) 12. Rb3 $18 Bxc3 (12... Ne4 13. Qc2 (13. Nxe4 $2 Bxd2+ 14. Nxd2 Qxa2 $19) 13... Nxc3 14. Rxa3 (14. Nxc3 Qa4 $18) 14... Nb5+ 15. Kd1 Nxc7 16. Rh3 $18) 13. Nxc3 (13. Rxa3 Bxd2+ 14. Kxd2 d5 $15) 13... Qe7 {[%emt 0:00:10] Black is weak on the dark squares} 14. c5 O-O 15. Bd6 Qd8 16. Bxf8 Qxf8 17. Na4 Nc6 18. Nb6 Rb8 19. Be2 d6 20. Bf3 Bd7 21. O-O ({White should play} 21. Nxd7 $18 Nxd7 22. Bxc6 bxc6 23. Rxb8 Qxb8 24. O-O) 21... Be8 $16 22. Qe3 dxc5 23. dxc5 Ne7 24. Qf4 Bc6 25. Bxc6 Nxc6 26. Rd1 e5 27. Qe3 Nd4 28. Rc3 Re8 29. h3 $36 {[%emt 0:02:36][%mdl 2048] Keeping Black busy.} Re6 30. Re1 h6 31. Qc1 (31. Rcc1 $14) 31... Qe7 32. Rce3 Qc7 33. Nc4 Qxc5 $2 (33... Nd7 $11 {and Black has nothing to worry.}) 34. Nxe5 $18 (34. Rxe5 $2 Rxe5 35. Rxe5 (35. Nxe5 $2 Ne2+ 36. Rxe2 Qxc1+ $19) 35... Qxe5 36. Nxe5 Ne2+ 37. Kf1 Nxc1 $19) 34... Qb5 (34... Qxc1 35. Rxc1 Nd5) 35. Qc7 Qe8 36. Qxb7 (36. Nxf7 $18 {is more deadly.} Qxf7 37. Qc8+ (37. Qd8+ Kh7 $18) 37... Qf8 38. Qxf8+ (38. Qxb7 Rxe3 39. Rxe3 Qd6 $16) 38... Kxf8 39. Rxe6 Nxe6 40. Rxe6) 36... Nc2 $16 {[%emt 0:03:32] [#]} 37. f4 Nxe1 38. Rxe1 Nd7 {[%emt 0:00:14] [#]} 39. Rc1 $1 {[%emt 0:00:10] White has more active pieces.} Nf8 {[%emt 0:01:27][%mdl 8192] [#]} (39... Nxe5 $2 40. Rc8 Ng6 (40... Nf3+ $2 41. gxf3 $18) 41. f5 (41. Rxe8+ Rxe8 42. f5 Nh4 $18) 41... Re1+ 42. Kh2 $18) (39... Nb6 $16 {is tougher.}) 40. Rc8 $1 $18 Qe7 41. Nd7 ({Don't do} 41. Rc7 Qe8 42. Rc8 (42. Nxf7 Re1+ 43. Kh2 Qe3 $11) (42. Rxf7 g5 $18) 42... Qe7) 41... Re1+ 42. Kh2 Qe3 (42... Rd1 $18) 43. Rxf8+ (43. Nxf8 $2 {is the wrong capture.} Qxf4+ 44. g3 Re2+ $19) 43... Kh7 {[%emt 0:00:02] [#]} 44. Nf6+ $1 {[%emt 0:00:06][%mdl 512] Weighted Error Value: White=0.17 (very precise) /Black=0.43.  Loses game:     	---       	Black=1      Missed win:     	White=1     	---        Mistake:       	White=3     	Black=6      Inaccurate:     	White=2     	Black=3      OK:         	White=7     	Black=15     Best:        	White=5     	Black=3      Strong:       	White=3     	---} 1-0

[Event "53rd Indian Junior Open-ch 2024"]
[Site "Karnal"]
[Date "2024.09.16"]
[Round "1.6"]
[White "Eugen Mehul Shah"]
[Black "Nagarkatte Vedant"]
[Result "1/2-1/2"]
[ECO "E15"]
[WhiteElo "1759"]
[BlackElo "2260"]
[Annotator "TA"]
[PlyCount "118"]
[EventDate "2024.09.16"]
[EventType "swiss"]
[EventCountry "IND"]
[SourceTitle "playchess.com"]
[Source "ChessBase"]
[SourceQuality "1"]
[TimeControl "5400+30"]

1. d4 d5 2. c4 e6 3. Nf3 Nf6 4. g3 Bb4+ 5. Bd2 Be7 6. Bg2 O-O 7. O-O c6 8. Qc2 Nbd7 9. Rd1 b6 10. b3 Ba6 11. a4 Ne4 12. Be1 f5 13. Na3 Rc8 14. cxd5 cxd5 15. Qb2 Rc7 16. Bf1 Qb8 17. Nb5 Bxb5 18. axb5 Rfc8 19. Rdc1 Bd6 20. Bd2 Ndf6 21. Rxc7 Rxc7 22. Rc1 Nxd2 23. Nxd2 f4 24. Rc3 Qc8 25. Rxc7 Qxc7 26. gxf4 Bxf4 27. Nf3 {[%emt 0:00:33] White is weak on the dark squares} g5 28. h3 $1 h5 29. e3 g4 $1 30. exf4 (30. hxg4 $11 hxg4 31. Ne1) 30... gxf3 $11 {[%emt 0:00:00][%mdl 4096] Endgame. KQB-KQN} 31. Qd2 Ne4 32. Qe3 Qc3 (32... Qg7+ $5 33. Kh1 Kf8 $17) 33. Kh2 Qxe3 34. fxe3 $15 {[%emt 0:00:06] KB-KN. The position is equal.} h4 35. Bd3 Nd2 36. b4 Nc4 37. Kg1 Nxe3 {[%emt 0:00:28] [#] And now ...Ng2 would win.} 38. Kf2 Nd1+ 39. Kxf3 Kg7 40. Bc2 Nc3 41. Bd3 Na2 42. Kg4 Nxb4 43. Bb1 a5 44. bxa6 $1 (44. Kxh4 $2 {perishes.} Kf6 45. Kg4 a4 $19) 44... Nxa6 45. f5 Kf6 46. fxe6 Nc7 47. e7 Kxe7 48. Kxh4 Nb5 49. Kg4 Nxd4 50. h4 Kf6 51. h5 Nc6 52. h6 Ne7 53. h7 Kg7 54. Kf4 Nc6 55. Kf5 Nb4 56. Ke5 Kh8 57. Kd4 Kg7 58. Ke5 Kh8 59. Kd4 Kg7 {[%emt 0:00:26] Weighted Error Value: White=0.09 (flawless) /Black=0.08 (flawless) .  Mistake:       	White=1     	---        Inaccurate:     	White=5     	Black=4      OK:         	White=26    	Black=16     Best:        	White=1     	Black=2      Strong:       	White=2     	Black=1} 1/2-1/2

[Event "53rd Indian Junior Open-ch 2024"]
[Site "Karnal"]
[Date "2024.09.16"]
[Round "1.7"]
[White "Jaiveer Mahendru"]
[Black "Aniket Ranjan"]
[Result "1-0"]
[ECO "A03"]
[WhiteElo "2246"]
[BlackElo "1758"]
[Annotator "TA"]
[PlyCount "57"]
[EventDate "2024.09.16"]
[EventType "swiss"]
[EventCountry "IND"]
[SourceTitle "playchess.com"]
[Source "ChessBase"]
[SourceQuality "1"]
[TimeControl "5400+30"]

1. f4 d5 2. Nf3 Nf6 3. e3 g6 4. d4 Bg7 5. Bd3 a6 6. O-O {[%emt 0:00:15] [#]} c5 $1 7. c3 Qc7 8. Ne5 {[%emt 0:00:14] The position is equal.} b5 9. Nd2 Nbd7 10. Ndf3 O-O 11. Bd2 (11. b3 $11) 11... Ne8 12. e4 Ndf6 13. exd5 Nxd5 14. Qe2 Nd6 15. Rae1 Bb7 16. h4 (16. dxc5 $11 Qxc5+ 17. Rf2) 16... Nf6 (16... c4 $5 17. Bc2 Nf5 $11) 17. Be3 cxd4 18. Bxd4 Nde4 (18... e6 $15 {might be stronger.}) 19. Qc2 (19. Kh2 $11 {remains equal.}) 19... Nc5 (19... Ng3 $17 20. Rf2 e6) 20. f5 $11 Rad8 21. fxg6 hxg6 {[%emt 0:00:11] [#]} 22. Ng5 $1 Nxd3 23. Qxd3 {[%emt 0:00:06][%cal Oh4h5] h5! is the strong threat.} Qc8 $2 {[%emt 0:03:59][%mdl 8192] [#] This move loses the game for Black.} (23... Bd5 $16) 24. h5 $1 $18 Ng4 {[%emt 0:07:27] [#]} (24... Rxd4 25. cxd4) 25. Nxg6 fxg6 (25... f5 26. Nxe7+) 26. Qxg6 Rf6 27. Bxf6 (27. Rxf6 $142 Qf5 28. Rf8+ (28. Rxf5 Nf6 29. Rxe7 Kh8 30. Qxg7#) 28... Kxf8 29. Qxg7+ Ke8 30. Rxe7#) 27... exf6 28. Ne6 Qd7 29. Nxd8 {[%emt 0:00:39] Weighted Error Value: White=0.21 (precise) /Black=0.95.  Loses game:     	---       	Black=1      Mistake:       	White=3     	Black=2      Inaccurate:     	White=4     	Black=6      OK:         	White=5     	Black=2      Strong:       	White=1     	---        Brilliant:      	White=1     	---} 1-0

[Event "53rd Indian Junior Open-ch 2024"]
[Site "Karnal"]
[Date "2024.09.16"]
[Round "1.8"]
[White "Hrishikesh Ganapathy Subramani"]
[Black "Aniruddh Chatterjee"]
[Result "1-0"]
[ECO "A43"]
[WhiteElo "1756"]
[BlackElo "2171"]
[Annotator "RC"]
[PlyCount "105"]
[EventDate "2024.09.16"]
[EventType "swiss"]
[EventCountry "IND"]
[SourceTitle "playchess.com"]
[Source "ChessBase"]
[SourceQuality "1"]
[TimeControl "5400+30"]

1. d4 Nf6 2. Nc3 c5 3. d5 e6 4. e4 exd5 5. Nxd5 Nxd5 6. exd5 d6 7. Nf3 Be7 8. Bd3 O-O 9. O-O a6 10. a4 Nd7 11. c3 Rb8 12. a5 b5 13. axb6 Qxb6 14. Re1 Bf6 15. Bf4 Rd8 16. Rb1 Bb7 17. Ng5 g6 18. Nxh7 Be5 19. Qf3 c4 20. Ng5 cxd3 21. Bxe5 Nxe5 22. Rxe5 Qc7 23. Re3 Re8 24. Ne4 Re5 25. Rxd3 Qe7 26. Nd2 Bc8 27. Re3 Qc7 28. b3 a5 29. Rbe1 a4 30. Rxe5 dxe5 31. b4 Ba6 32. Ne4 Bc4 33. Nc5 Rd8 34. Nxa4 Bxd5 35. Qf6 Rd6 36. Qg5 Ra6 37. Nc5 Ra3 38. Rd1 Bb3 39. Rc1 Bc4 40. h3 Kg7 41. Qg4 Bd5 42. Qd7 Qxd7 43. Nxd7 f6 44. c4 Bc6 45. Nc5 Ra2 46. Ne6+ Kh6 47. b5 Bd7 48. Nc5 Be8 49. Ne4 f5 50. Nd6 Bd7 51. c5 Rb2 52. c6 Be6 53. c7 1-0

[Event "53rd Indian Junior Open-ch 2024"]
[Site "Karnal"]
[Date "2024.09.16"]
[Round "1.9"]
[White "Sharnarthi Viresh"]
[Black "Amartya Saumitra Gupta"]
[Result "1-0"]
[ECO "A07"]
[WhiteElo "2147"]
[BlackElo "1755"]
[Annotator "RC"]
[PlyCount "105"]
[EventDate "2024.09.16"]
[EventType "swiss"]
[EventCountry "IND"]
[SourceTitle "playchess.com"]
[Source "ChessBase"]
[SourceQuality "1"]
[TimeControl "5400+30"]

1. Nf3 d5 2. g3 Nf6 3. Bg2 e6 4. O-O Bd6 5. d3 O-O 6. Nbd2 c6 7. e4 e5 8. d4 Nbd7 9. exd5 e4 10. Nh4 cxd5 11. Nf5 Bc7 12. b3 Nb8 13. Ne3 Nc6 14. Bb2 Bb6 15. c3 Re8 16. f3 exf3 17. Qxf3 Be6 18. Rae1 Qd7 19. Qd1 a5 20. Nf3 a4 21. b4 Ne4 22. Nh4 g6 23. b5 Ne7 24. Bxe4 dxe4 25. c4 Rac8 26. Qe2 Bxd4 27. Rd1 Rxc4 28. Qf2 Bxe3 29. Qxe3 Qxb5 30. Rf2 Nd5 31. Rxd5 Qxd5 32. Qh6 Rd4 33. Rd2 Qh5 34. Qxh5 Rxd2 35. Qb5 Bd7 36. Qb4 e3 37. Nf3 a3 38. Bc3 Rd1+ 39. Ne1 Rc8 40. Qxa3 Be6 41. Qa5 b6 42. Qe5 Rxc3 43. Qxc3 Bxa2 44. Qxe3 Be6 45. Kf2 b5 46. Nd3 Rh1 47. h4 Rd1 48. Nf4 Rd6 49. Qc5 Rd2+ 50. Ke3 Rb2 51. h5 gxh5 52. Qg5+ Kf8 53. Nxe6+ 1-0

[Event "53rd Indian Junior Open-ch 2024"]
[Site "Karnal"]
[Date "2024.09.16"]
[Round "1.10"]
[White "Rishabh Pradhan"]
[Black "Gawai Siddhant"]
[Result "0-1"]
[ECO "C78"]
[WhiteElo "1755"]
[BlackElo "2131"]
[Annotator "TA"]
[PlyCount "68"]
[EventDate "2024.09.16"]
[EventType "swiss"]
[EventCountry "IND"]
[SourceTitle "playchess.com"]
[Source "ChessBase"]
[SourceQuality "1"]
[TimeControl "5400+30"]

1. e4 e5 2. Nf3 Nc6 3. Bb5 a6 4. Ba4 Nf6 5. O-O b5 6. Bb3 Bc5 7. c3 d6 8. a4 Bb7 9. d4 Bb6 10. Re1 O-O 11. Na3 (11. d5 $11 Ne7 12. axb5) 11... h6 12. h3 (12. Be3 $11) 12... exd4 $15 13. cxd4 {Black is slightly better.} Re8 14. d5 Na5 {And now ...Nxb3 would win.} 15. Bc2 b4 16. Nb1 c6 17. dxc6 Bxc6 18. Nbd2 Ra7 ({Better is} 18... Rc8 $17 19. Re2 Bb7) 19. Re2 ({White should play} 19. b3 $15) 19... Rae7 $17 20. Qe1 Qa8 (20... d5 $19 21. e5 d4) 21. Nh4 Re6 {[%emt 0:00:30][%cal Rf6e4] Black is much more active.} 22. Nf5 Nxe4 23. Nxe4 Bxe4 24. Nxd6 $2 {[%emt 0:00:30][%mdl 8192] [#]} (24. Bxe4 $17 Rxe4 25. Be3) 24... Bxc2 ({Not} 24... Rxd6 25. Bxe4 Qd8 26. Bd2 $15 (26. Qxb4 $2 {loses.} Rd4 $19) (26. Bh7+ $2 Kxh7 27. Be3 Qe7 $19)) (24... Bxg2 $142 25. Nxe8 Bh1 (25... Bxh3 26. Nf6+ gxf6 27. Be4 $17) 26. Nf6+ gxf6) 25. Nxe8 $19 Qxe8 26. Rxe6 Qxe6 {[%emt 0:00:30] Black is clearly winning.} 27. Qxe6 fxe6 28. Bf4 Bd4 29. Rc1 (29. Re1 $142 Kf7 (29... Bxa4 $2 30. Ra1 $19) (29... Bxb2 $2 30. Rxe6 b3 31. Rxa6 $19) 30. Bd2) 29... b3 30. Re1 Kf7 31. Be5 Bxe5 32. Rxe5 Nc4 33. Rc5 Nxb2 34. Rc7+ Kf6 {[%emt 0:00:30] White got outplayed after the opening.   Weighted Error Value: White=0.99/Black=0.49.  Loses game:     	White=1     	---        Mistake:       	White=2     	Black=3      Inaccurate:     	White=2     	Black=1      OK:         	White=5     	Black=5      Best:        	White=1     	Black=2} 0-1

[Event "53rd Indian Junior Open-ch 2024"]
[Site "Karnal"]
[Date "2024.09.18"]
[Round "4.1"]
[White "Rohit S"]
[Black "Sri Charan Sandipagu"]
[Result "0-1"]
[WhiteElo "2309"]
[BlackElo "1964"]
[PlyCount "84"]
[EventDate "2024.09.16"]
[EventType "swiss"]
[EventCountry "IND"]
[TimeControl "5400+30"]

1. e4 c6 2. Nc3 d5 3. Nf3 dxe4 4. Nxe4 Nf6 5. Qe2 Nxe4 6. Qxe4 Qa5 7. b4 Qf5 8. Qc4 e5 9. Bd3 Qe6 10. Qxe6+ Bxe6 11. Nxe5 Bxb4 12. Rb1 Bd6 13. Nc4 Bxc4 14. Bxc4 b6 15. O-O O-O 16. Rb3 b5 17. Be2 a5 18. Bf3 Ra7 19. Rd3 Rd8 20. Bb2 Re7 21. Bd4 Bb4 22. Re3 Rxd4 23. c3 Rxd2 24. cxb4 Rxe3 25. fxe3 axb4 26. Rc1 g6 27. Bxc6 Nxc6 28. Rxc6 Rxa2 29. Rc1 b3 30. Rb1 b2 31. Kf2 Kg7 32. Ke2 Kf6 33. Kd2 Ke5 34. Kc2 Ke4 35. Kb3 Ra4 36. Rxb2 Kxe3 37. Rc2 Rd4 38. Rc7 Rf4 39. g3 Rf3 40. Kc3 Kf2+ 41. Kd4 Kg2 42. Ke4 Rf1 0-1

[Event "53rd Indian Junior Open-ch 2024"]
[Site "Karnal"]
[Date "2024.09.18"]
[Round "4.3"]
[White "Bivor Adak"]
[Black "Madhvendra Pratap Sharma"]
[Result "0-1"]
[WhiteElo "1918"]
[BlackElo "2061"]
[PlyCount "82"]
[EventDate "2024.09.16"]
[EventType "swiss"]
[EventCountry "IND"]
[TimeControl "5400+30"]

1. e4 e6 2. d4 d5 3. Nc3 Bb4 4. e5 c5 5. a3 Bxc3+ 6. bxc3 Nc6 7. Qg4 g6 8. h4 h6 9. h5 g5 10. f4 f5 11. Qg3 g4 12. dxc5 Qa5 13. a4 Nge7 14. Bb5 Bd7 15. Ne2 O-O 16. Kf2 Nb8 17. Ba3 Bxb5 18. axb5 Qxb5 19. c6 Nbxc6 20. Rhb1 Qc4 21. Rxb7 Qa6 22. Rbb1 Qc8 23. Qd3 Rf7 24. Bd6 Qd7 25. Ra6 Nc8 26. Nd4 Nxd6 27. exd6 Nb8 28. Rbb6 Nxa6 29. Rxa6 Rb8 30. Nc6 Rb6 31. Ne5 Qxd6 32. Nxf7 Qxf4+ 33. Ke2 Kxf7 34. Rxa7+ Kf6 35. Rh7 Rc6 36. Kd1 Rb6 37. Ke2 Qe5+ 38. Kf2 Rb1 39. Rxh6+ Kg5 40. Qd2+ f4 41. Rg6+ Kxh5 0-1

[Event "53rd Indian Junior Open-ch 2024"]
[Site "Karnal"]
[Date "2024.09.18"]
[Round "4.4"]
[White "Lakshmi Charan Naidu G"]
[Black "Daksh Goyal"]
[Result "0-1"]
[WhiteElo "1912"]
[BlackElo "2026"]
[PlyCount "62"]
[EventDate "2024.09.16"]
[EventType "swiss"]
[EventCountry "IND"]
[TimeControl "5400+30"]

1. d4 d5 2. Nf3 Nf6 3. Bf4 c5 4. e3 Nc6 5. Nbd2 c4 6. c3 e6 7. Qc2 Nh5 8. Bg5 f6 9. Bh4 g5 10. g4 gxh4 11. gxh5 Bd7 12. e4 Qc7 13. O-O-O Bh6 14. Bh3 Qf4 15. Kb1 O-O-O 16. Rhg1 f5 17. exd5 exd5 18. Rde1 Rhf8 19. Re3 Be8 20. Rge1 Bxh5 21. b3 cxb3 22. Qxb3 Rf6 23. Ka1 Kb8 24. Bg2 Qd6 25. Rd3 Re6 26. Rb1 Qc7 27. Nxh4 Be2 28. Bxd5 Na5 29. Qa4 Bxd3 30. Bxe6 Qxc3+ 31. Rb2 Bxd2 0-1